 Dungeon Crawl Stone Soup version 0.29.1-4-g47bece8355 (webtiles) character file.

Game seed: 318676826049349723

850 NateTheGreat9901 the Grave Robber (level 8, -3/47 (59) HPs)
             Began as a Ghoul Necromancer on Dec 2, 2022.
             Was an Initiate of Fedhas.
             Slain by a gnoll
             ... wielding a +0 halberd
             ... led by a gnoll bouda
              (7 damage)
             ... on level 5 of the Dungeon.
             The game lasted 00:49:34 (6610 turns).

NateTheGreat9901 the Grave Robber (GhNe)            Turns: 6610, Time: 00:49:34

HP:   -3/47 (59)    AC:  4    Str: 12    XL:     8   Next: 1%
MP:   13/13         EV: 11    Int: 12    God:    Fedhas [......]
Gold: 332           SH:  0    Dex:  9    Spells: 8/16 levels left

rFire   . . .      SeeInvis .   o - +1 spear (flame)
rCold   + . .      Faith    .   (no shield)
rNeg    + + +      Spirit   .   s - +0 leather armour
rPois   ∞          Reflect  .   (no helmet)
rElec   .          Harm     .   l - scarf {+Inv}
rCorr   .          Rampage  .   (no gloves)
Will    .....                   m - +0 pair of boots
Stlth   ++........              r - amulet of magic regeneration
HPRegen 0.00/turn               (no ring)
MPRegen 0.53/turn               (no ring)

@: animating dead, inhibited regen, hasted, heavily drained, very quick
A: claws 1, cold resistance 1, negative energy resistance 3, inhibited
regeneration, torment resistance 2, devour on kill
a: Renounce Religion, Evoke Invisibility


You were on level 5 of the Dungeon.
You worshipped Fedhas.
Fedhas was noncommittal.
You visited 1 branch of the dungeon, and saw 5 of its levels.

You collected 608 gold pieces.
You paid 276 gold pieces to Gozag.

Inventory:

Hand Weapons
 c - a +0 spear
 o - a +1 spear of flaming (weapon)
Missiles
 e - 2 boomerangs
Armour
 l - a scarf of invisibility (worn)
 m - a +0 pair of boots (worn)
 s - a +0 leather armour (worn)
Jewellery
 a - a ring of ice
 r - an amulet of magic regeneration (around neck)
Wands
 j - a wand of mindburst (3)
Scrolls
 d - 3 scrolls of magic mapping
 f - 2 scrolls of amnesia
 h - 2 scrolls of identify
 k - a scroll of teleportation
 p - a scroll of poison {unknown}
 v - a scroll of silence {unknown}
 w - a scroll of summoning {unknown}
Potions
 b - a potion of magic
 g - a potion of heal wounds {unknown}
 i - 2 potions of flight
 n - 2 potions of mutation
 q - a potion of ambrosia
 u - a potion of might


   Skills:
 + Level 1.3 Fighting
 + Level 2.1 Polearms
 + Level 1.5 Armour
 + Level 2.5 Dodging
 + Level 3.0 Stealth
 + Level 4.5 Spellcasting
 + Level 6.4 Necromancy
 + Level 1.3 Evocations


You had 8 spell levels left.
You knew the following spells:

 Your Spells              Type           Power      Damage    Failure   Level
a - Necrotise             Necr           72%        1d7       1%          1
b - Vampiric Draining     Necr           18%        2d7       5%          3
c - Animate Dead          Necr           18%        N/A       19%         4

Your spell library contained the following spells:

 Spells                   Type           Power      Damage    Failure   Level
 Magic Dart               Conj           8%         1d3       26%         1
 Ensorcelled Hibernation  Hex/Ice        4%         N/A       38%         2
 Passwall                 Tmut/Erth      1%         N/A       38%         2
 Searing Ray              Conj           4%         2d4       38%         2
 Agony                    Necr           18%        N/A       45%         5
 Swiftness                Air            2%         N/A       63%         3
 Fulminant Prism          Conj/Hex       1%         3d6       95%         4
 Iskenderun's Mystic Bla  Conj/Tloc      2%         2d3       95%         4
 Iskenderun's Battlesphe  Conj           2%         2d6       100%        5
 Lee's Rapid Deconstruct  Erth           1%         3d5*      100%        5
 Iron Shot                Conj/Erth      1%         9d1       100%        6
 Spellforged Servitor     Conj/Summ      1%         N/A       100%        7


Dungeon Overview and Level Annotations

Branches:
Dungeon (5/15)
 Temple: D:4-7

Altars:
Fedhas
Gozag
Uskayaw


Innate Abilities, Weirdness & Mutations

You are immune to poison.
You have sharp fingernails.
Your flesh is cold resistant. (rC+)
You are immune to negative energy. (rN+++)
You do not regenerate when monsters are visible.
You are immune to unholy pain and torment.
You thrive by killing the living.


Message History

You reach to attack!
You barely miss the gnoll.
The gnoll is severely wounded.
The gnoll hits you from afar with a +0 halberd.
* * * LOW HITPOINT WARNING * * *
Gozag petitions for your drink to fail. The gnoll barely misses you.
Gozag petitions for your drink to fail. The gnoll barely misses you.
The gnoll bouda barks out a call to the hunt!
The gnolls pick up the pace!
Reach: o) +1 spear (flame)
Press: ? - help, Dir - move target, f/p - gnoll
Aim: a gnoll, wielding a +0 halberd (severely wounded, covering ground quickly, about 37% to evade your +1 spear of flaming)
You reach to attack!
You hit the gnoll but do no damage.
The gnoll is severely wounded.
Your attacks no longer feel as feeble.
The gnoll hits you from afar with a +0 halberd.
* * * LOW HITPOINT WARNING * * *
The gnoll bouda calls upon its god to heal the gnoll.
The gnoll is healed somewhat.
Reach: o) +1 spear (flame)
Press: ? - help, Dir - move target, f/p - gnoll
Aim: a gnoll, wielding a +0 halberd (moderately wounded, covering ground quickly, about 37% to evade your +1 spear of flaming)
You reach to attack!
You completely miss the gnoll.
The gnoll is moderately wounded.
The gnoll closely misses you.
The gnoll bouda gazes fiercely through you!
You feel your attacks grow feeble. The gnoll barely misses you.
Unknown command.
Your attacks no longer feel as feeble.
Okay, then.
You feel drained.
You fail to use your ability.
The gnoll barely misses you.
The gnoll hits you from afar with a +0 halberd.
* * * LOW HITPOINT WARNING * * *
You feel drained.
You fail to use your ability.
The gnoll misses you.
You feel yourself speed up.
The gnoll hits you from afar with a +0 halberd!
You die...
Fedhas appreciates your contribution to the ecosystem.

#..################
#........)...).)..<
#.............##.##
#.............##.#
#.............##.#
##'#........#.##.#
#.#.#####..#.##.##
####>#........#.##...
..##@########.#......
#.##.# #.#######
#.##g# ######.#..<..#
#.##g###........#.#.#
#g##g#........#.#..(#
#.##.#.#.####........
#g##.#...#.......8...
#g##)#...#.#...8...8.
#.##.#...#...........


You could see a gnoll bouda and 2 gnolls.

Vanquished Creatures
  An ice beast (D:4)
  2 ogres (D:4)
  A gnoll sergeant (D:4)
  3 scorpions
  A hound (D:5)
  A jelly (D:5)
  An iguana (D:5)
  5 adders
  10 gnolls
  A river rat (D:3)
  7 worms
  9 dart slugs
  4 orcs
  6 bats
  7 endoplasms
  4 giant cockroaches
  4 goblins
  A hobgoblin (D:1)
  3 jackals (D:3)
  5 quokkas
  8 ball pythons
  A frilled lizard (D:3)
  3 kobolds
  4 rats
92 creatures vanquished.

Vanquished Creatures (collateral kills)
  A bat (D:1)
1 creature vanquished.

Vanquished Creatures (others)
  An adder (D:5)
  An iguana zombie (D:5)
2 creatures vanquished.

Grand Total: 95 creatures vanquished

Notes
Turn   | Place    | Note
-------+----------+-------------------------------------------
     0 | D:1      | NateTheGreat9901 the Ghoul Necromancer began the quest for
                  | the Orb.
     0 | D:1      | Reached XP level 1. HP: 14/14 MP: 2/2
   509 | D:1      | Reached XP level 2. HP: 18/20 MP: 1/3
  1896 | D:2      | Reached XP level 3. HP: 20/26 MP: 0/5
  2302 | D:2      | Found a faded altar of an unknown god.
  2420 | D:2      | Prayed at the altar of an unknown god.
  2420 | D:2      | Became a worshipper of Gozag Ym Sagoz the Greedy
  2546 | D:2      | Reached skill level 1 in Polearms
  2909 | D:2      | Reached XP level 4. HP: 25/33 MP: 0/6
  3550 | D:3      | Learned a level 3 spell: Vampiric Draining
  4395 | D:3      | Reached XP level 5. HP: 29/38 MP: 3/8
  4804 | D:4      | Noticed an ogre
  4806 | D:4      | Noticed an ogre
  4841 | D:4      | Killed an ogre
  4842 | D:4      | Reached skill level 5 in Necromancy
  4842 | D:4      | Reached XP level 6. HP: 24/46 MP: 9/9
  5033 | D:4      | Reached XP level 7. HP: 51/51 MP: 4/11
  5235 | D:4      | Reached skill level 1 in Armour
  5235 | D:4      | Reached skill level 6 in Necromancy
  5235 | D:4      | Reached skill level 1 in Evocations
  5243 | D:4      | Found a blossoming altar of Fedhas.
  6219 | D:4      | Fell from the grace of Gozag
  6358 | D:4      | Became a worshipper of Fedhas Madash
  6377 | D:5      | Entered Level 5 of the Dungeon
  6379 | D:5      | Found a hide-covered altar of Uskayaw.
  6387 | D:5      | Reached skill level 1 in Fighting
  6421 | D:5      | Learned a level 4 spell: Animate Dead
  6511 | D:5      | Reached XP level 8. HP: 51/59 MP: 13/13
  6610 | D:5      | Slain by a gnoll

Illustrated notes

Levels and vault maps discovered:
D:1:      minmay_arrival_loop, layout_basic
D:2:      layout_basic, nicolae_ecumenical_pavilion
D:3:      layout_loops_ring, gup_sewer_entry_bubbles, dk_noncrumbling_2,
          hex_medium
D:4:      layout_loops_ring, overflow_temple_1_default
D:5:      layout_basic, led_xom_imps, grunt_temple_overflow_open,
          nicolae_uskayaw_dance_hall, minmay_temple_entry_overgrown,
          lemuel_flamethrower_2, uniq_edmund

Skill      XL: |  1  2  3  4  5  6  7 |
---------------+----------------------+-----
Spellcasting   | 2 3 4 |  4.5
Dodging        | 2 |  2.5
Polearms       | 1 2 |  2.1
Necromancy     | 5 6 |  6.4
Armour         | 1 |  1.5
Evocations     | 1 |  1.3
Fighting       | 1 |  1.3
Stealth        | 3 |  3.0

Action                   |  1- 3 |  4- 6 |  7- 9 || total
-------------------------+-------+-------+-------++-------
Melee: Spear             |   106 |    56 |    53 ||   215
       Punch             |     1 |       |     1 ||     2
 Cast: Necrotise         |    67 |    54 |    29 ||   150
       Vampiric Draining |       |    13 |    12 ||    25
       Animate Dead      |       |       |     4 ||     4
Invok: Potion Petition   |       |       |     1 ||     1
       Renounce Religion |       |       |     1 ||     1
Evoke: Wand              |       |    12 |     3 ||    15
  Use: Scroll            |     4 |     2 |     1 ||     7
       Potion            |     1 |     1 |     2 ||     4
 Stab: Sleeping          |       |     2 |       ||     2
       Distracted        |       |     1 |       ||     1
Armor: Robe              |    14 |    10 |       ||    24
       Leather armour    |       |     4 |    19 ||    23
Dodge: Dodged            |    41 |    35 |    44 ||   120
